 Dungeon Crawl Stone Soup version 0.32-a0-928-g1cae6b7ea0 (webtiles) character file.

Game seed: 342200033249801532

290 Dirtsage the Chopper (level 6, -7/53 HPs)
             Began as a Mountain Dwarf Fighter on Apr 12, 2024.
             Was a Follower of Okawaru.
             Mangled by a gnoll
             ... wielding a +0 halberd
             ... led by a gnoll bouda
              (9 damage)
             ... on level 3 of the Dungeon.
             The game lasted 00:05:13 (2418 turns).

Dirtsage the Chopper (Mountain Dwarf Fighter)       Turns: 2418, Time: 00:05:14

Health: -7/53      AC: 10    Str: 20    XL:     6   Next: 9%
Magic:  6/6        EV:  6    Int:  9    God:    Okawaru [*.....]
Gold:   169        SH:  4    Dex:  9    Spells: 5/5 levels left

rFire   . . .        a - +0 war axe
rCold   . . .        c - +0 buckler
rNeg    . . .        n - +0 chain mail
rPois   .            (no helmet)
rElec   .            (no cloak)
rCorr   .            (no gloves)
SInv    .            o - +0 pair of boots
Will    .....        m - amulet of faith Stlth
                     (no ring)
HPRegen 0.28/turn    (no ring)
MPRegen 0.10/turn

%: faith
@: no status effects
A: runic magic, artefact enchanting
a: Renounce Religion, Heroism


You were on level 3 of the Dungeon.
You worshipped Okawaru.
Okawaru was aware of your devotion.
You visited 1 branch of the dungeon, and saw 4 of its levels.

You collected 169 gold pieces.

Inventory:

Hand Weapons
 a - a +0 war axe (weapon)
Missiles
 p - 3 boomerangs (quivered)
Armour
 b - a +0 scale mail
 c - a +0 buckler (worn)
 n - a +0 chain mail (worn)
 o - a +0 pair of boots (worn)
Jewellery
 m - an amulet of faith (around neck)
 s - an amulet of guardian spirit
Wands
 q - a wand of paralysis (11)
Scrolls
 f - a scroll of fear {unknown}
 h - a scroll of fog {unknown}
 i - a scroll of vulnerability {unknown}
 j - 2 scrolls of enchant weapon {unknown}
 l - a scroll of teleportation {unknown}
 r - a scroll of immolation {unknown}
 t - a scroll of silence {unknown}
 u - a scroll of brand weapon {unknown}
 w - a scroll of noise {unknown}
Potions
 d - a potion of might
 e - a potion of haste {unknown}
 g - a potion of attraction {unknown}
 k - a potion of curing {unknown}
 v - a potion of resistance {unknown}


   Skills:
 + Level 4.6 Fighting
 * Level 5.4 Axes
 + Level 1.3 Throwing
 - Level 3.3 Armour
 + Level 4.5 Shields


You had 5 spell levels left.
You didn't know any spells.
Your spell library contained the following spells:

 Spells                   Type           Power      Damage    Failure   Level
 Necrotise                Necr           0%         1d4       63%         1
 Sting                    Conj/Alch      0%         1d3       63%         1
 Mercury Vapours          Alch/Air       0%         N/A       77%         2
 Static Discharge         Conj/Air       0%         3-3/arc   77%         2
 Olgreb's Toxic Radiance  Alch           0%         N/A       100%        4
 Borgnjor's Vile Clutch   Necr/Erth      0%         N/A       100%        5
 Chain Lightning          Conj/Air       0%         N/A       100%        9


Dungeon Overview and Level Annotations

Branches:
Dungeon (4/15)
 Temple: D:4-7

Altars:
Okawaru


Innate Abilities, Weirdness & Mutations

Your spellcasting is much less encumbered by armour.
You can use scrolls of enchantment on lesser artefacts.


Message History

You take 6 damage, and have 34/47 hp.
You barely miss the gnoll bouda.
The gnoll bouda is heavily wounded.
You completely miss the gnoll. The gnoll hits you with a +0 halberd.
The gnoll bouda calls upon its god to heal the gnoll.
The gnoll's wounds heal themselves!
You take 2 damage, and have 32/47 hp.
You fail to use your ability.
You block the gnoll's attack.
The gnoll bouda barks out a call to the hunt!
The gnolls pick up the pace!
You slash the gnoll bouda!
The gnoll bouda is almost dead.
You hit the gnoll. The gnoll hits you with a +0 halberd.
The gnoll hits you from afar with a +0 halberd!
The gnoll bouda calls upon its god to heal the gnoll.
The gnoll is healed somewhat.
The gnoll closely misses you.
You take 15 damage, and have 18/47 hp.
MASSIVE DAMAGE!!
You slash the gnoll bouda!
You kill the gnoll bouda!
Okawaru accepts your kill.
You hit the gnoll. The gnoll hits you but does no damage.
The gnoll barely misses you.
The gnoll hits you from afar with a +0 halberd.
* * * LOW HITPOINT WARNING * * *
You have reached level 6!
You take 2 damage, and have 16/53 hp.
MP restored: 6 The gnoll hits you with a +0 spear.
* * * LOW HITPOINT WARNING * * *
The gnoll hits you with a +0 halberd!
* * * LOW HITPOINT WARNING * * *
You block the gnoll's attack.
Things that are here:
a +0 whip; a +0 robe You take 11 damage, and have 5/53 hp.
MASSIVE DAMAGE!!
You closely miss the gnoll. You barely miss the gnoll. x2
The gnoll barely misses you. The gnoll hits you with a +0 halberd.
* * * LOW HITPOINT WARNING * * *
The gnoll hits you with a +0 halberd!
You die...

#. #.# #.# #.g ..###.####.
#####.######..#.... #.....#
#......... ##.....####.####.#..
.................#.# #
#####..#..#######..... #
#...gg#.........#..#.# ##
###@#...##..#.#..#.# .##
#..g..........#...<. ..##
######.###.#..#######..## #..#
#........................ #..###.
#.##.#####.##.#######.### #......
#.##.#........# ###.....
#.#..#.##.##.#.###.#######.......
#...##...^.#.# # #...#.#.#.
#............# #.#.......


You could see 4 gnolls.

Vanquished Creatures
  An ogre (D:4)
  A howler monkey (D:4)
  A bombardier beetle (D:4)
  A gnoll bouda (D:3)
  Ijyb (D:3)
  A gnoll (D:3)
  2 adders (D:4)
  A dart slug (D:4)
  3 ribbon worms (D:2)
  2 orcs
  9 endoplasms
  A giant cockroach (D:3)
  4 goblins
  3 hobgoblins
  4 kobolds
  A quokka (D:1)
  6 ball pythons
  A bat (D:1)
  2 frilled lizards
  6 rats
51 creatures vanquished.

Notes
Turn   | Place    | Note
-------+----------+-------------------------------------------
     0 | D:1      | Dirtsage the Mountain Dwarf Fighter began the quest for the
                  | Orb.
     0 | D:1      | Reached XP level 1. HP: 19/19 MP: 1/1
   464 | D:1      | Found a faded altar of an unknown god.
   545 | D:1      | Reached XP level 2. HP: 21/26 MP: 2/2
   571 | D:1      | Reached skill level 3 in Axes
   765 | D:1      | Got the Disquisition on the Lethal Lungs
  1271 | D:2      | Reached XP level 3. HP: 33/33 MP: 3/3
  1686 | D:3      | Found an iron altar of Okawaru.
  1721 | D:3      | Became a worshipper of Warmaster Okawaru
  1843 | D:3      | Noticed Ijyb
  1843 | D:3      | Paralysed by Ijyb for 2 turns
  1852 | D:3      | Killed Ijyb
  1853 | D:3      | Reached skill level 4 in Axes
  1853 | D:3      | Reached XP level 4. HP: 40/40 MP: 4/4
  2204 | D:4      | Reached XP level 5. HP: 37/46 MP: 5/5
  2220 | D:4      | Noticed an ogre
  2262 | D:4      | Reached * piety under Okawaru
  2275 | D:4      | Killed an ogre
  2276 | D:4      | Reached skill level 5 in Axes
  2276 | D:4      | Reached skill level 1 in Throwing
  2417 | D:3      | Reached XP level 6. HP: 16/53 MP: 6/6
  2418 | D:3      | HP: 2/53 [gnoll/+0 halberd[a gnoll bouda] (3)]
  2418 | D:3      | Mangled by a gnoll

Illustrated notes

Levels and vault maps discovered:
D:1:      matt_arrival_spirals, layout_basic,
          hellmonk_ecumenical_altar_heavens_door
D:2:      layout_basic, minmay_misc_feat_cross, reono_crystal_passage
D:3:      layout_basic, amcnicky_altar_gilded, serial_glass, glass_columns_b,
          glass_columns_a, glass_columns_a, glass_columns_c, glass_columns_a,
          uniq_ijyb
D:4:      layout_layer_cave, dreamdust_divine_triumvirate,
          brannock_xom_greatest_gift, biasface_ghost_orc_armoury

Skill      XL: |  1  2  3  4  5 |
---------------+----------------+-----
Axes           | 3 4 5 |  5.4
Fighting       | 4 |  4.6
Shields        | 4 |  4.5
Throwing       | 1 |  1.3
Armour         | |  3.3

Action                     |  1- 3 |  4- 6 || total
---------------------------+-------+-------++-------
  Melee: War axe           |    87 |    53 ||   140
  Evoke: Wand              |     2 |     2 ||     4
   Stab: Paralysed         |     6 |     4 ||    10
 Armour: Scale mail        |    24 |       ||    24
         Chain mail        |    43 |    57 ||   100
  Dodge: Dodged            |    31 |    19 ||    50
  Block: Buckler           |    18 |    22 ||    40

Table legend: (Time is in decaauts)
 A = Elapsed time spent in this place.
 B = Non-inter-level travel time spent in this place.
 C = Inter-level travel time spent in this place.
 D = Time resting spent in this place.
 E = Time spent auto-exploring this place.
 F = Levels seen in this place.
 G = Mean time per level.
                   A        B        C        D        E       F      G
               +--------+--------+--------+--------+--------+-----+--------+
         Total |   2465 |   2430 |     35 |     11 |   1961 |   4 |  616.2 |
       Dungeon |   2465 |   2430 |     35 |     11 |   1961 |   4 |  616.2 |
               +--------+--------+--------+--------+--------+-----+--------+

Top non-repeatable levels by time:
     D:1: 854 daAuts
     D:2: 808 daAuts
     D:3: 462 daAuts
     D:4: 339 daAuts
